 Dungeon Crawl Stone Soup version 0.25.0-1-g7eea58d2a3 (webtiles) character file.

Game seed: 5932624329902245466

3658 Peloso the Carver (level 9, -3/55 HPs)
             Began as a Vampire Fighter on June 13, 2020.
             Was a Priest of Okawaru.
             Slain by a troll (5 damage)
             ... on level 8 of the Dungeon.
             The game lasted 00:19:08 (9820 turns).

Peloso the Carver (Vampire Fighter)                 Turns: 9820, Time: 00:19:08

Health: -3/55      AC: 13    Str: 18      XL:     9   Next: 88%
Magic:  9/9        EV:  6    Int:  9 (10) God:    Okawaru [***...]
Gold:   473        SH: 10    Dex: 12 (14) Spells: 8/8 levels left

rFire    + . .     SeeInvis +   a - +1 scimitar (flame)
rCold    + + .     Gourm    .   c - +0 kite shield
rNeg     + + +     Faith    .   m - +0 chain mail
rPois    ∞         Spirit   .   (no helmet)
rElec    .         Reflect  .   (no cloak)
rCorr    .         Harm     .   w - +2 pair of gloves
MR       .....                  (no boots)
Stlth    ++........             (no amulet)
HPRegen  0.00/turn              (no ring)
MPRegen  0.11/turn              C - ring of protection from fire

@: bloodless
A: no food, claws 1, fangs 3, see invisible, blink, unbreathing, evolution 1
a: Bat Form, Revivify, Blink, Heroism, Renounce Religion


You were on level 8 of the Dungeon.
You worshipped Okawaru.
Okawaru was most pleased with you.
You were bloodless.

You visited 2 branches of the dungeon, and saw 9 of its levels.

You collected 473 gold pieces.

Inventory:

Hand Weapons
 a - a +1 scimitar of flaming (weapon)
 b - a +0 long sword
Armour
 c - a +0 kite shield (worn)
 m - a +0 chain mail (worn)
 w - a +2 pair of gloves (worn)
Jewellery
 n - an uncursed ring of resist corrosion
 r - an uncursed ring of wizardry
 y - an uncursed ring of stealth
 B - an uncursed ring of fire
 C - a ring of protection from fire (right hand)
Wands
 k - a wand of disintegration (7)
 q - a wand of acid (3)
 v - a wand of random effects (21)
 D - a wand of flame (23)
Scrolls
 e - 8 scrolls of teleportation
 g - 7 scrolls of remove curse
 i - 2 scrolls of amnesia
 l - a scroll of magic mapping
 o - a scroll of fear
 F - a scroll of holy word
Potions
 d - 3 potions of might
 f - a potion of cancellation {unknown}
 t - a potion of curing
 u - a potion of haste
 z - a potion of magic
Miscellaneous
 h - a lightning rod (4/4)


   Skills:
 + Level 5.7 Fighting
 + Level 8.8 Long Blades
 + Level 5.4 Armour
 + Level 2.6 Dodging
 + Level 4.7 Stealth
 + Level 6.6 Shields
 + Level 0.1 Unarmed Combat
 + Level 0.6 Invocations
 + Level 0.4 Evocations


You had 8 spell levels left.
You didn't know any spells.
Your spell library contained the following spells:

 Spells                   Type           Power        Failure   Level  Hunger
 Magic Dart               Conj           #...         100%        1    N/A
 Blink                    Tloc           N/A          100%        2    N/A
 Call Imp                 Summ           #.......     100%        2    N/A
 Searing Ray              Conj           #.....       100%        2    N/A
 Slow                     Hex            #.......     100%        2    N/A
 Conjure Flame            Conj/Fire      #.......     100%        3    N/A
 Dazzling Flash           Conj/Hex       #.....       100%        3    N/A
 Mephitic Cloud           Conj/Pois/Air  #.......     100%        3    N/A
 Fulminant Prism          Conj/Hex       #.........   100%        4    N/A
 Iskenderun's Mystic Bla  Conj/Tloc      #.......     100%        4    N/A

Dungeon Overview and Level Annotations

Branches:
Dungeon (8/15)             Temple (1/1) D:4
   Lair: D:8-11

Altars:
Cheibriados
Dithmenos
Elyvilon
Fedhas
Gozag
Kikubaaqudgha
Nemelex Xobeh
Okawaru
Qazlal
Ru
Sif Muna
Trog
Vehumet
Wu Jian
Xom
Yredelemnul
The Shining One

Shops:
D:6 =


Innate Abilities, Weirdness & Mutations

You do not eat.
You do not regenerate when monsters are visible.
You are frail without blood (-20% HP).
You can heal yourself when you bite living creatures.
You are immune to poison.
You have razor-sharp teeth.
You have supernaturally acute eyesight. (SInv)
You can survive without breathing.
You have sharp fingernails.
You can translocate small distances at will.
You evolve.


Message History

The troll claws you but does no damage.
You barely miss the troll.
The troll is moderately wounded.
The troll barely misses you. The troll claws you but does no damage.
The troll claws you.
You closely miss the troll.
The troll is moderately wounded.
The troll bites you but does no damage. You block the troll's attack.
The troll claws you.
Your chain mail prevents you from hitting the troll.
The troll is moderately wounded.
The troll bites you! The troll claws you but does no damage.
The troll claws you!
* * * LOW HITPOINT WARNING * * *
You slash the troll! You burn the troll.
The troll is heavily wounded.
The troll bites you!
* * * LOW HITPOINT WARNING * * *
The troll claws you.
You die...

,,,,,,,,,*,,,* *,*
##...##..≈
**********,,,*##.#
#####..##.(.≈ ,,,*
*,,,,,,...#
#......#≈...# **,*
*,,,,,*#.Z#
#.###..#≈..## *,*
***,**##..####.#
#..#≈.### *,* *,*
#.Z.$.##.# #..#≈.... *,*
**#.###.%...##.#
#####≈... *,*
*,.......T..##.# #≈.8[
*,* **,*,**#..@..##.#
#≈≈.. *,****,,,,*
#.....##)# *##≈≈.
*,,,,,,,,,**##..####.#
*,#### ******,,,,,*
#..####)######.*
*****,**#..............*
*,*#........#######*
#......###### ####...#
#####


You could see a troll and 2 centaur skeletons.

Vanquished Creatures
  Erica (D:8)
  A centaur skeleton (D:8)
  A hippogriff (D:8)
  3 steam dragons (D:8)
  An ice beast (D:6)
  2 sky beasts
  3 centaurs
  A big kobold (D:8)
  A gnoll sergeant (D:7)
  A bullfrog (D:6)
  2 scorpions (D:8)
  3 electric eels (D:6)
  3 howler monkeys
  2 crimson imps (D:5)
  3 bullfrog skeletons
  A jelly (D:6)
  7 orc wizards
  4 hounds
  Jessica (D:8)
  An iguana (D:7)
  Natasha (thrice) (D:4)
  6 worker ants
  2 hound zombies (D:5)
  A hound skeleton (D:4)
  2 worker ant zombies (D:5)
  9 gnolls
  8 adders
  A shadow imp (D:6)
  2 oozes
  An adder zombie (D:6)
  A dart slug (D:3)
  9 leopard geckos
  21 orcs
  2 ball pythons
  3 giant cockroaches
  6 goblins
  3 hobgoblins
  7 jackals
  6 quokkas
  6 bats
  A frilled lizard (D:4)
  12 kobolds
  A leopard gecko zombie (D:7)
  A quokka skeleton (D:4)
  6 rats
  A spectral orc (D:4)
163 creatures vanquished.

Notes
Turn   | Place    | Note
-------+----------+-------------------------------------------
     0 | D:1      | Peloso the Vampire Fighter began the quest for the Orb.
     0 | D:1      | Reached XP level 1. HP: 17/17 MP: 1/1
   337 | D:1      | Reached XP level 2. HP: 18/18 MP: 2/2
  1179 | D:2      | Found a sacrificial altar of Ru.
  1218 | D:2      | Reached XP level 3. HP: 6/22 MP: 3/3
  1465 | D:2      | Found a blossoming altar of Fedhas.
  1559 | D:2      | Found a sparkling altar of Nemelex Xobeh.
  1822 | D:2      | Reached skill level 3 in Long Blades
  1822 | D:2      | Reached skill level 1 in Stealth
  1850 | D:2      | Reached XP level 4. HP: 11/27 MP: 4/4
  2043 | D:2      | Found a stormy altar of Qazlal.
  2711 | D:3      | Reached skill level 1 in Dodging
  2717 | D:3      | Reached XP level 5. HP: 13/32 MP: 5/5
  3056 | D:3      | Found a sacrificial altar of Ru.
  3246 | D:3      | Found a shadowy altar of Dithmenos.
  3246 | D:3      | Found an ancient bone altar of Kikubaaqudgha.
  3613 | D:4      | Found a shimmering altar of Xom.
  3686 | D:4      | Noticed Natasha
  3691 | D:4      | Killed Natasha
  3691 | D:4      | Reached skill level 4 in Long Blades
  4189 | D:4      | Noticed Natasha
  4192 | D:4      | Reached XP level 6. HP: 28/37 MP: 4/6
  4207 | D:4      | Killed Natasha
  4281 | D:4      | Found a basalt altar of Yredelemnul.
  4313 | D:4      | Found a staircase to the Ecumenical Temple.
  4342 | Temple   | Entered the Ecumenical Temple
  4368 | Temple   | Became a worshipper of Warmaster Okawaru
  4684 | D:4      | Reached skill level 5 in Long Blades
  4684 | D:4      | Reached XP level 7. HP: 40/42 MP: 7/7
  5220 | D:4      | Noticed Natasha
  5238 | D:4      | Killed Natasha
  5419 | D:5      | Entered Level 5 of the Dungeon
  5528 | D:5      | Found a white marble altar of Elyvilon.
  5780 | D:5      | Reached * piety under Okawaru
  6083 | D:5      | Gained mutation: You tend to lose your temper in combat.
                  | [potion of mutation]
  6083 | D:5      | Gained mutation: Armour fits poorly on your strangely
                  | shaped body. [potion of mutation]
  6083 | D:5      | Gained mutation: You can translocate small distances at
                  | will. [potion of mutation]
  6093 | D:5      | Lost mutation: You tend to lose your temper in combat.
                  | [potion of mutation]
  6093 | D:5      | Lost mutation: Armour fits poorly on your strangely shaped
                  | body. [potion of mutation]
  6093 | D:5      | Gained mutation: You evolve. [potion of mutation]
  6093 | D:5      | Gained mutation: You have sharp fingernails. [potion of
                  | mutation]
  6143 | D:5      | Found a shimmering altar of Xom.
  6412 | D:6      | Found an opulent altar of Gozag.
  6438 | D:6      | Reached skill level 6 in Long Blades
  6477 | D:6      | Found Ysokur's Jewellery Emporium.
  6580 | D:6      | Reached XP level 8. HP: 21/42 MP: 8/8
  7563 | D:7      | Reached skill level 5 in Shields
  7572 | D:7      | Reached ** piety under Okawaru
  7831 | D:7      | Found a glowing golden altar of the Shining One.
  8001 | D:7      | Reached skill level 7 in Long Blades
  8952 | D:7      | Found a white marble altar of Elyvilon.
  9125 | D:8      | Reached skill level 5 in Fighting
  9125 | D:8      | Reached XP level 9. HP: 42/54 MP: 9/9
  9255 | D:8      | Noticed Erica
  9290 | D:8      | Killed Erica
  9290 | D:8      | Reached *** piety under Okawaru
  9290 | D:8      | Reached skill level 8 in Long Blades
  9290 | D:8      | Reached skill level 5 in Armour
  9507 | D:8      | Noticed Jessica
  9522 | D:8      | Killed Jessica
  9527 | D:8      | Found a shimmering blue altar of Sif Muna.
  9810 | D:8      | Noticed a troll
  9820 | D:8      | HP: 2/55 [troll (14)]
  9820 | D:8      | Slain by a troll

Illustrated notes

Levels and vault maps discovered:
D:1:      dpeg_arrival_arbitrary_b, layout_loops_corners, minmay_tetromino_s4
D:2:      layout_basic, grunt_temple_overflow_forces_of_nature,
          lemuel_doored_altar, st_stairs_4, hangedman_ru_absence
D:3:      layout_loops_ring, nicolae_overflow_hidden_temple,
          gammafunk_temple_overflow_wave, first_ration
D:4:      layout_basic, kennysheep_mini_moat,
          yredelemnul_forgotten_temple_becter, minmay_temple_entry_glass,
          minmay_fractal_squares_5, uniq_natasha
D:5:      minmay_evil_eye, layout_rooms, basic_altar, elyvilon_altar_4
D:6:      layout_rooms, kennysheep_mini, serial_shops, shop, water_maze_lemuel
D:7:      minmay_clustersquares, layout_basic, kennysheep_little_box,
          basic_altar
D:8:      cheibrodos_steamvent, layout_loops_ring,
          lemuel_coloured_pillars_altar, tgw_sif, uniq_erica
Temple:   zaba_magenta_temple

Skill      XL: |  1  2  3  4  5  6  7  8  9 |
---------------+----------------------------+-----
Long Blades    | 3 4 5 6 7 8 |  8.8
Armour         | 3 4 5 |  5.4
Stealth        | 1 3 4 |  4.7
Shields        | 3 4 5 6 |  6.6
Dodging        | 1 2 |  2.6
Fighting       | 3 4 5 |  5.7
Unarmed Combat | |  0.1
Invocations    | |  0.6
Evocations     | |  0.4

Action                   |  1- 3 |  4- 6 |  7- 9 || total
-------------------------+-------+-------+-------++-------
Melee: Long sword        |   142 |   220 |   481 ||   843
       Bite              |    16 |    28 |    51 ||    95
       Unarmed           |       |       |     6 ||     6
       Scimitar          |       |       |    68 ||    68
Invok: Heroism           |       |       |     3 ||     3
 Abil: Exsanguinate      |     1 |       |     1 ||     2
       End Transformatio |       |       |     3 ||     3
       Bat Form          |       |       |     3 ||     3
       Revivify          |       |       |     1 ||     1
Evoke: Wand              |       |     1 |     6 ||     7
  Use: Potion            |     2 |       |     6 ||     8
       Scroll            |       |       |    13 ||    13
 Stab: Sleeping          |     5 |     1 |     5 ||    11
Armor: Scale mail        |    69 |    29 |       ||    98
       Chain mail        |       |    90 |   305 ||   395
Dodge: Dodged            |    46 |    45 |   108 ||   199
Block: Kite shield       |    80 |   121 |   267 ||   468
       Rpst.: Long sword |    13 |    10 |    28 ||    51
       Scimitar          |       |       |     3 ||     3
